 Dungeon Crawl Stone Soup version 0.19-a0-606-gee5277e (webtiles) character file.

43 Laan the Cudgeler (level 3, -3/23 HPs)
             Began as a Gargoyle Fighter on June 12, 2016.
             Slain by Sigmund
             ... wielding a +0 scythe
              (6 damage)
             ... on level 2 of the Dungeon.
             The game lasted 00:02:11 (1039 turns).

Laan the Cudgeler (Gargoyle Fighter)                Turns: 1039, Time: 00:02:12

Health: -3/23      AC: 10    Str: 20    XL:     3   Next: 58%
Magic:  3/3        EV:  7    Int:  8    God:
Gold:   37         SH:  9    Dex:  9    Spells: 0 memorised, 2 levels left

rFire  . . .     SeeInvis .     a - +0 flail
rCold  . . .     Gourm    .     b - +0 scale mail
rNeg   + . .     Faith    .     c - +0 shield
rPois  ∞         Spirit   .     (no helmet)
rElec  +         Dismiss  .     (no cloak)
rCorr  .         Reflect  .     (no gloves)
SustAt .         Harm     .     (no boots)
MR     .....                    (no amulet)
Stlth  ..........               (no ring)
                                (no ring)

@: not resistant to hostile enchantments, extremely unstealthy
A: negative energy resistance 1, electricity resistance, unbreathing,
petrification resistance, rot immunity, AC +3
a: no special abilities


You were on level 2 of the Dungeon.
You were not hungry.

You visited 1 branch of the dungeon, and saw 2 of its levels.

You collected 37 gold pieces.

Inventory:

Hand Weapons
 a - a +0 flail (weapon)
Armour
 b - a +0 scale mail (worn)
 c - a +0 shield (worn)
Scrolls
 g - a scroll of random uselessness {unknown}
 n - a scroll of fear {unknown}
 p - a scroll of amnesia {unknown}
Potions
 d - a potion of might
 e - 3 potions of mutation {unknown}
 h - a potion of brilliance {unknown}
 i - 3 potions of heal wounds {unknown}
 j - 2 potions of curing {unknown}
 k - a potion of haste {unknown}
Comestibles
 f - 4 bread rations
 l - 4 fruits
 m - a slice of pizza
 o - a chunk of flesh


   Skills:
 - Level 3.2 Fighting
 + Level 3.8 Maces & Flails
 - Level 3.2 Armour
 - Level 3.2 Shields


You had 2 spell levels left.
You didn't know any spells.

Dungeon Overview and Level Annotations

Branches:
Dungeon (2/15)

Altars:

Annotations:
D:2 Sigmund


Innate Abilities, Weirdness & Mutations

You are resistant to torment.
Your stone body is resilient. (AC +3)
You are immune to poison.
You resist negative energy. (rN+)
You are resistant to electric shocks. (rElec)
You can survive without breathing.
You are immune to petrification.
You are immune to rotting.


Message History

Sigmund hits you with a scythe.
You hit Sigmund but do no damage.
Sigmund is heavily wounded.
You block Sigmund's attack.
You closely miss Sigmund.
Sigmund is heavily wounded.
Sigmund casts a spell at you. The magic dart hits you!
* * * LOW HITPOINT WARNING * * *
You are too injured to fight recklessly!
You are too injured to fight recklessly!
You are too injured to fight recklessly!
You are too injured to fight recklessly!
You closely miss Sigmund.
Sigmund is heavily wounded.
You block Sigmund's attack.
Your scale mail prevents you from hitting Sigmund.
Sigmund is heavily wounded.
Sigmund hits you with a scythe.
You die...

###### ###
#....#
...#....#
#####.#....####
.....r@........
.#[#.#@...#
.<........##
###.#.###.# #.
#.## # ###..#
.# #....## #.#
#.....# #.#
#...#.## #.#
#...#..# #.#


You could see Sigmund and a rat.

Vanquished Creatures
  2 dart slugs (D:1)
  2 giant geckos
  7 bats
  2 giant cockroaches (D:1)
  6 goblins (D:1)
  5 hobgoblins (D:1)
  3 kobolds (D:1)
  A giant newt (D:2)
  3 rats (D:1)
31 creatures vanquished.

Notes
Turn   | Place    | Note
--------------------------------------------------------------
     0 | D:1      | Laan the Gargoyle Fighter began the quest for the Orb.
     0 | D:1      | Reached XP level 1. HP: 14/14 MP: 1/1
    62 | D:1      | Reached XP level 2. HP: 19/19 MP: 2/2
   364 | D:1      | Reached XP level 3. HP: 23/23 MP: 3/3
  1030 | D:2      | Noticed Sigmund
  1039 | D:2      | Slain by Sigmund

Vault maps used:
D:1:      dpeg_arrival_houses_and_road, minmay_cupped
D:2:      serial_corexii_hall, corexii_hall_statues_s,
          corexii_hall_statues_deadend, corexii_hall_statues_i,
          corexii_hall_statues_t, ashenzari_altar_1, uniq_natasha, uniq_jessica,
          uniq_sigmund

Skill      XL: |  1  2 |
---------------+-------+-----
Maces & Flails | 3 |  3.8
Fighting       | |  3.2
Armour         | |  3.2
Shields        | |  3.2

Action                   || total
-------------------------++-------
Melee: Flail             ||   129
  Eat: Chunk             ||     1
Armor: Scale mail        ||    72
Dodge: Dodged            ||    39
Block: Shield            ||    72
